 Dungeon Crawl Stone Soup version 0.22-a0-609-gfedc9ff77b (webtiles) character file.

683 Kholdaimon the Shield-Bearer (level 7, -21/62 HPs)
             Began as a Deep Dwarf Fighter on July 9, 2018.
             Demolished by a two-headed ogre
             ... wielding a +0 giant club
              (27 damage)
             ... on level 7 of the Dungeon.
             The game lasted 00:14:13 (3819 turns).

Kholdaimon the Shield-Bearer (Deep Dwarf Fighter)   Turns: 3819, Time: 00:14:14

Health: -21/62     AC:  7    Str: 19    XL:     7   Next: 35%
Magic:  5/5        EV:  7    Int: 11    God:
Gold:   92         SH: 10    Dex: 12    Spells: 6/6 levels left

rFire    . . .     SeeInvis .   a - +0 war axe
rCold    . . .     Gourm    .   c - +0 shield
rNeg     . . .     Faith    .   b - +0 scale mail
rPois    .         Spirit   .   (no helmet)
rElec    .         Reflect  .   (no cloak)
rCorr    .         Harm     .   (no gloves)
MR       +....                  (no boots)
Stlth    ..........             (no amulet)
HPRegen  0.00/turn              (no ring)
MPRegen  0.09/turn              (no ring)

@: non-regenerating
A: damage resistance, heal wounds, sense surroundings 1, no regeneration
a: Heal Wounds


You were on level 7 of the Dungeon.
You were not hungry.

You visited 1 branch of the dungeon, and saw 5 of its levels.

You collected 92 gold pieces.

Inventory:

Hand Weapons
 a - a +0 war axe (weapon)
Missiles
 l - 59 stones (quivered)
 m - a throwing net
 x - 9 poisoned needles
Armour
 b - a +0 scale mail (worn)
 c - a +0 shield (worn)
 o - a +2 shield
Jewellery
 e - an uncursed ring of fire {unknown}
 u - a +4 ring of protection {unknown}
 w - a +3 ring of protection {unknown}
Wands
 h - a wand of flame (14)
Scrolls
 i - 5 scrolls of remove curse {unknown}
 r - a scroll of fear {unknown}
 s - a scroll of enchant armour {unknown}
 t - 4 scrolls of identify {unknown}
 v - a scroll of teleportation {unknown}
 y - a scroll of immolation {unknown}
 z - a scroll of torment {unknown}
Potions
 d - a potion of might
 g - a potion of invisibility {unknown}
 j - a potion of degeneration {unknown}
 k - 4 potions of curing {unknown}
 n - 3 potions of heal wounds {unknown}
 p - 2 potions of brilliance {unknown}
 q - a potion of haste {unknown}
Comestibles
 f - a ration


   Skills:
 - Level 3.0 Fighting
 + Level 5.4 Axes
 + Level 5.9 Armour
 + Level 6.0 Shields


You had 6 spell levels left.
You didn't know any spells.
Your spell library was empty.

Dungeon Overview and Level Annotations

Branches:
Dungeon (4/15)
 Temple: D:4-7

Altars:
Qazlal
Trog
Xom
Zin
The Shining One

Annotations:
D:3 Robin


Innate Abilities, Weirdness & Mutations

You are resistant to damage.
You can heal yourself by infusing magical energy.
You passively map a small area around you.
You do not regenerate.


Message History

You destroy the hungry ghost!
Your Shields skill increases to level 6!
Found a stone staircase leading down.
Found a stone staircase leading up.
There is a stone staircase leading down here.
A two-headed ogre comes into view. It is wielding two giant clubs.
The two-headed ogre shouts in stereo!
You see here a scroll labeled EMEPSITZOS.
You see here a scroll labeled EMEPSITZOS.
z - a scroll labeled EMEPSITZOS The two-headed ogre hits you with a giant club.
You block the two-headed ogre's attack.
The two-headed ogre hits you with a giant club!!
The two-headed ogre hits you with a giant club!
* * * LOW HITPOINT WARNING * * *
The two-headed ogre closely misses you.
The two-headed ogre hits you with a giant club.
There is a stone staircase leading up here.
The two-headed ogre hits you with a giant club!!
You die...

, #..# ,, #..# #######
#..# ......###..# #####
.......##..# #...# ####
###........###...##....
....##.##.##........#*
* ..#...........>O....#
.#.#.####.##....@...#
.##.## #...............
##### ######...#######
#####


You could see a two-headed ogre.

Vanquished Creatures
  A hungry ghost (D:7)
  A centaur (D:7)
  3 bullfrogs
  A bullfrog zombie (D:7)
  2 jellies (D:4)
  A bullfrog skeleton (D:4)
  Natasha (thrice) (D:3)
  An adder (D:3)
  A worm (D:2)
  3 dart slugs
  2 leopard geckos (D:2)
  3 orcs
  6 bats
  5 giant cockroaches
  8 goblins
  4 hobgoblins
  An iguana (D:4)
  3 jackals (D:3)
  A quokka (D:3)
  12 frilled lizards
  5 kobolds
  8 rats
75 creatures vanquished.

Notes
Turn   | Place    | Note
-------+----------+-------------------------------------------
     0 | D:1      | Kholdaimon the Deep Dwarf Fighter began the quest for the Orb.
     0 | D:1      | Reached XP level 1. HP: 20/20 MP: 1/1
    56 | D:1      | Found a glowing golden altar of the Shining One.
   220 | D:1      | Reached XP level 2. HP: 22/27 MP: 2/2
   895 | D:2      | Reached XP level 3. HP: 25/34 MP: 3/3
  1099 | D:2      | Found a bloodstained altar of Trog.
  1164 | D:2      | Noticed a bullfrog
  1170 | D:2      | Killed a bullfrog
  1170 | D:2      | Reached skill level 4 in Shields
  1170 | D:2      | Reached XP level 4. HP: 27/42 MP: 4/4
  1631 | D:3      | Found a stormy altar of Qazlal.
  1639 | D:3      | Noticed Robin
  1717 | D:3      | Found a glowing golden altar of the Shining One.
  1717 | D:3      | Found a glowing silver altar of Zin.
  1960 | D:3      | Reached XP level 5. HP: 45/49 MP: 5/5
  2036 | D:3      | Noticed Natasha
  2049 | D:3      | Killed Natasha
  2388 | D:4      | Found a shimmering altar of Xom.
  2652 | D:3      | Noticed Natasha
  2667 | D:3      | Killed Natasha
  2667 | D:3      | Reached skill level 5 in Armour
  2667 | D:3      | Reached skill level 5 in Shields
  2667 | D:3      | Reached XP level 6. HP: 31/56 MP: 5/5
  2842 | D:3      | Noticed Natasha
  2852 | D:3      | Killed Natasha
  2876 | D:3      | Found a stormy altar of Qazlal.
  2993 | D:3      | Found a glowing golden altar of the Shining One.
  2993 | D:3      | Found a glowing silver altar of Zin.
  3199 | D:3      | Found a stormy altar of Qazlal.
  3506 | D:3      | Found a glowing golden altar of the Shining One.
  3506 | D:3      | Found a glowing silver altar of Zin.
  3590 | D:4      | You fall through a shaft for 3 floors!
  3616 | D:7      | Reached skill level 5 in Axes
  3645 | D:7      | Reached XP level 7. HP: 32/62 MP: 6/6
  3702 | D:7      | Noticed a hungry ghost
  3720 | D:7      | Paralysed by fainting for 11 turns
  3765 | D:7      | Killed a hungry ghost
  3765 | D:7      | Reached skill level 6 in Shields
  3807 | D:7      | Noticed a two-headed ogre
  3819 | D:7      | Demolished by a two-headed ogre

Vault maps used:
D:1:      ebering_trefoil_twist, tso_altar
D:2:      bloody_trog, first_ration
D:3:      nicolae_overflow_hidden_temple, minitemple, uniq_robin, uniq_natasha
D:4:      grunt_temple_overflow_lords_of_destruction, dk_xom_monty_hall
D:7:      lemuel_insect_pit, amethyst_killhole

Skill      XL: |  1  2  3  4  5  6  7 |
---------------+----------------------+-----
Fighting       | 3 |  3.0
Axes           | 3 4 5 |  5.4
Armour         | 4 5 |  5.9
Shields        | 4 5 6 |  6.0

Action                   |  1- 3 |  4- 6 |  7- 9 || total
-------------------------+-------+-------+-------++-------
Melee: War axe           |   108 |   188 |    48 ||   344
Throw: Stone             |     3 |       |       ||     3
 Abil: Heal Wounds       |       |     7 |     1 ||     8
  Eat: Chunk             |     1 |     7 |     1 ||     9
       Ration            |       |       |     4 ||     4
Armor: Scale mail        |    66 |    76 |    29 ||   171
Dodge: Dodged            |    36 |    71 |    11 ||   118
Block: Shield            |    56 |    97 |    24 ||   177

Table legend:
 A = Spawn XP
 B = Non-spawn XP
 C = Spawn XP percentage of total XP
 D = Spawn monster count
 E = Non-spawn monster count
 F = Spawn count percentage of total count
 G = Total turns spent on level
                    A         B        C        D         E        F      G
               +---------+---------+-------+---------+---------+-------+---------
         Total |       0 |     977 |   0.0 |       0 |      75 |   0.0 |  3819
               +---------+---------+-------+---------+---------+-------+---------
           D:1 |       0 |      32 |   0.0 |       0 |      20 |   0.0 |   851
           D:2 |       0 |     111 |   0.0 |       0 |      16 |   0.0 |   836
           D:3 |       0 |     165 |   0.0 |       0 |      26 |   0.0 |  1591
           D:4 |       0 |     136 |   0.0 |       0 |       7 |   0.0 |   312
           D:7 |       0 |     533 |   0.0 |       0 |       6 |   0.0 |   229
               +---------+---------+-------+---------+---------+-------+---------
